 Dungeon Crawl Stone Soup version 0.29-a0-914-g906f1d757c (webtiles) character file.

Game seed: 17989329257079229727

203 funkygono the Firebug (level 5, -13/28 HPs)
             Began as a Gargoyle Fire Elementalist on July 26, 2022.
             Mangled by an orc warrior
             ... wielding a +0 halberd
              (22 damage)
             ... on level 4 of the Dungeon.
             The game lasted 00:04:52 (2678 turns).

funkygono the Firebug (Gargoyle Fire Elementalist)  Turns: 2678, Time: 00:04:52

Health: -13/28     AC:  6    Str: 12    XL:     5   Next: 81%
Magic:  1/10       EV: 16    Int: 17    God:
Gold:   109        SH:  0    Dex: 10    Spells: 8/11 levels left

rFire   . . .      SeeInvis .   q - +2 flail (protect)
rCold   . . .      Faith    .   (no shield)
rNeg    + . .      Spirit   .   a - +0 robe
rPois   ∞          Reflect  .   (no helmet)
rElec   +          Harm     .   g - scarf {repulsion}
rCorr   .          Rampage  .   (no gloves)
Will    .....                   (no boots)
Stlth   ++........              e - amulet of magic regeneration
HPRegen 0.09/turn               j - +4 ring of evasion
MPRegen 0.52/turn               (no ring)

@: repel missiles
A: sickness immunity, AC +4, negative energy resistance 1, electricity
resistance, torment resistance 1, petrification resistance
a: no special abilities


You were on level 4 of the Dungeon.
You visited 1 branch of the dungeon, and saw 4 of its levels.

You collected 109 gold pieces.

Inventory:

Hand Weapons
 h - a +0 whip
 q - a +2 flail of protection (weapon)
Armour
 a - a +0 robe (worn)
 g - a scarf of repulsion (worn)
 l - a scarf of invisibility
 s - a +0 leather armour
Jewellery
 c - a ring of ice
 e - an amulet of magic regeneration (around neck)
 j - a +4 ring of evasion (left hand)
Wands
 n - a wand of digging (8)
Scrolls
 d - 3 scrolls of identify {unknown}
 f - a scroll of magic mapping {unknown}
 i - a scroll of teleportation {unknown}
 k - a scroll of vulnerability {unknown}
 m - 2 scrolls of noise {unknown}
 o - a scroll of torment {unknown}
 p - a scroll of summoning {unknown}
 r - 2 scrolls of enchant armour {unknown}
 t - a scroll of amnesia {unknown}
 u - a scroll of butterflies {unknown}
Potions
 b - a potion of magic
 v - a potion of haste {unknown}


   Skills:
 + Level 0.1 Maces & Flails
 + Level 1.8 Dodging
 - Level 2.1 Stealth
 + Level 3.7 Spellcasting
 + Level 2.5 Conjurations
 + Level 4.4 Fire Magic


You had 8 spell levels left.
You knew the following spells:

 Your Spells              Type           Power      Damage    Failure   Level
a - Foxfire               Conj/Fire      60%        2x1d7     3%          1
b - Scorch                Fire           36%        2d6       4%          2

Your spell library contained the following spells:

 Spells                   Type           Power      Damage    Failure   Level
 Magic Dart               Conj           48%        1d5       5%          1
 Conjure Flame            Conj/Fire      15%        6-21      12%         3
 Inner Flame              Hex/Fire       10%        N/A       21%         3
 Call Imp                 Summ           3%         N/A       24%         2
 Ensorcelled Hibernation  Hex/Ice        6%         N/A       24%         2
 Passwall                 Tmut/Erth      2%         N/A       24%         2
 Mephitic Cloud           Conj/Pois/Air  6%         N/A       34%         3
 Flame Wave               Conj/Fire      15%        2d6       36%         4
 Swiftness                Air            3%         N/A       43%         3
 Conjure Ball Lightning   Conj/Air       3%         3x3d6     100%        6
 Discord                  Hex            1%         N/A       100%        8
 Disjunction              Tloc           1%         N/A       100%        8


Dungeon Overview and Level Annotations

Branches:
Dungeon (4/15)
 Temple: D:4-7

Altars:
Gozag
Okawaru
Sif Muna


Innate Abilities, Weirdness & Mutations

You are immune to sickness and miasma.
Your stone body is resilient. (AC +4)
You are immune to poison.
You resist negative energy. (rN+)
You are resistant to electric shocks. (rElec)
You are resistant to unholy torment.
You are immune to petrification.


Message History

The orc warrior is lightly wounded.
Casting: Scorch (safe; 4% risk of failure)
Confirm with . or Enter, or press ? or * to list all spells.
You conjure some foxfire!
Casting: Foxfire (safe; 3% risk of failure)
Confirm with . or Enter, or press ? or * to list all spells.
Flames lash the orc warrior.
The orc warrior is burned terribly!
The orc warrior is lightly wounded.
The foxfire hits the orc warrior but does no damage.
The orc warrior is lightly wounded.
The foxfire hits the orc warrior.
The orc warrior is burned terribly!
The orc warrior is moderately wounded.
The orc warrior closely misses you.
Casting: Scorch (safe; 4% risk of failure)
Confirm with . or Enter, or press ? or * to list all spells.
You conjure some foxfire!
The orc warrior hits you from afar with a +0 halberd.
Casting: Foxfire (safe; 3% risk of failure)
Confirm with . or Enter, or press ? or * to list all spells.
Flames lash the orc warrior.
The orc warrior is burned terribly!
The orc warrior is heavily wounded.
The foxfire hits the orc warrior.
The orc warrior is burned terribly!
The orc warrior is severely wounded.
The foxfire hits the orc warrior!
The orc warrior is burned terribly!
The orc warrior is almost dead.
The orc warrior hits you from afar with a +0 halberd!
Casting: Scorch (safe; 4% risk of failure)
Confirm with . or Enter, or press ? or * to list all spells.
You conjure some foxfire!
The orc warrior hits you from afar with a +0 halberd!
Casting: Foxfire (safe; 3% risk of failure)
Confirm with . or Enter, or press ? or * to list all spells.
You conjure some foxfire!
The foxfire hits the orc warrior but does no damage.
The orc warrior is almost dead.
The foxfire hits the orc warrior but does no damage.
The orc warrior is almost dead.
The orc warrior hits you from afar with a +0 halberd!!
Ouch! That really hurt!
You die...

#.###########.#####
#.............# #
############### #
### ##### # #..#
#...# # #_:.#
###...### #
#....#######.......#
#
#..§##...........###
#.@v##.##..........
#o#v..#.####...#####
.. ##....# #...# #.
##...# ##### # ##..#
####


You could see an orc warrior (combustible, ally target).

Vanquished Creatures
  A necrophage (D:4)
  A hound (D:3)
  An orc wizard (D:4)
  2 adders
  A worm (D:2)
  3 dart slugs
  3 orcs (D:3)
  3 ball pythons
  4 bats
  3 endoplasms (D:1)
  3 giant cockroaches (D:1)
  4 goblins
  6 hobgoblins
  10 kobolds
  5 quokkas
  7 rats
57 creatures vanquished.

Vanquished Creatures (collateral kills)
  12 foxfires
12 creatures vanquished.

Vanquished Creatures (others)
  180 foxfires
  5 fungi (D:4)
  25 plants (D:3)
210 creatures vanquished.

Grand Total: 279 creatures vanquished

Notes
Turn   | Place    | Note
-------+----------+-------------------------------------------
     0 | D:1      | funkygono the Gargoyle Fire Elementalist began the quest
                  | for the Orb.
     0 | D:1      | Reached XP level 1. HP: 10/10 MP: 3/3
   127 | D:1      | Found a faded altar of an unknown god.
   198 | D:1      | Reached XP level 2. HP: 15/15 MP: 1/5
   243 | D:1      | Learned a level 2 spell: Scorch
   616 | D:1      | Reached XP level 3. HP: 19/19 MP: 1/6
  1652 | D:2      | Reached XP level 4. HP: 24/24 MP: 6/8
  1955 | D:3      | Reached skill level 4 in Fire Magic
  2442 | D:3      | Found an iron altar of Okawaru.
  2510 | D:4      | Noticed a necrophage
  2519 | D:4      | Killed a necrophage
  2520 | D:4      | Reached XP level 5. HP: 28/28 MP: 4/10
  2523 | D:4      | Found an opulent altar of Gozag.
  2664 | D:4      | Found a shimmering blue altar of Sif Muna.
  2667 | D:4      | Noticed an orc warrior
  2678 | D:4      | Mangled by an orc warrior

Illustrated notes

Levels and vault maps discovered:
D:1:      ncdulo_watergridlock, layout_basic, serial_forest,
          infiniplex_forest_lined_2, infiniplex_forest_lined_3,
          infiniplex_forest_clump_medium, infiniplex_forest_lined_2,
          infiniplex_forest_straight_2, infiniplex_forest_corner_2,
          infiniplex_forest_lined_2, chequers_ecumenical_altar_simple_redux,
          minivault_19
D:2:      layout_basic, hangedman_glass_teeth
D:3:      layout_loops_ring, lemuel_coloured_pillars_altar, kennysheep_boxes
D:4:      layout_loops_ring, nzn_overflow_gifts_of_might_and_magic,
          mainiacjoe_overflow_cross_hatched,
          nicolae_wu_jian_immortal_techniques, nicolae_overflow_crystal_walls

Skill      XL: |  1  2  3  4 |
---------------+-------------+-----
Fire Magic     | 4 |  4.4
Conjurations   | 2 |  2.5
Spellcasting   | 3 |  3.7
Maces & Flails | |  0.1
Dodging        | |  1.8
Stealth        | |  2.1

Action                   |  1- 3 |  4- 6 || total
-------------------------+-------+-------++-------
Melee: Club              |     1 |       ||     1
       Whip              |     8 |     1 ||     9
       Flail             |       |     7 ||     7
 Cast: Foxfire           |    69 |    51 ||   120
       Scorch            |     3 |    10 ||    13
Armor: Robe              |    10 |     2 ||    12
Dodge: Dodged            |    12 |    14 ||    26

Table legend: (Time is in decaauts)
 A = Elapsed time spent in this place.
 B = Non-inter-level travel time spent in this place.
 C = Inter-level travel time spent in this place.
 D = Time resting spent in this place.
 E = Time spent auto-exploring this place.
 F = Levels seen in this place.
 G = Mean time per level.
                   A        B        C        D        E       F      G
               +--------+--------+--------+--------+--------+-----+--------+
         Total |   2679 |   2625 |     54 |    105 |   2099 |   4 |  669.8 |
       Dungeon |   2679 |   2625 |     54 |    105 |   2099 |   4 |  669.8 |
               +--------+--------+--------+--------+--------+-----+--------+

Top non-repeatable levels by time:
     D:1: 1257 daAuts
     D:3: 635 daAuts
     D:2: 603 daAuts
     D:4: 183 daAuts
